 Dungeon Crawl Stone Soup version 0.31-a0-325-g067879e3d3 (webtiles) character file.

Game seed: 18099477087759585565

2554 LeprechaunX the Changeling (level 9, -7/61 HPs)
             Began as an Octopode Shapeshifter on July 18, 2023.
             Was an Initiate of Cheibriados.
             Killed from afar by an electric eel (16 damage)
             ... with a bolt of electricity
             ... in a bailey.
             The game lasted 00:14:05 (6419 turns).

LeprechaunX the Changeling (Octopode Shapeshifter)  Turns: 6419, Time: 00:14:05

Health: -7/61      AC:  1    Str: 19    XL:     9   Next: 56%
Magic:  10/10      EV: 14    Int: 17    God:    Cheibriados [......]
Gold:   157        SH:  0    Dex: 14    Spells: 8/8 levels left

rFire   . . .        a - +0 sling (flame)
rCold   . . .        (no shield)
rNeg    + . .        (helmet currently unavailable)
rPois   .            n - amulet of magic regeneration
rElec   .            j - ring of positive energy
rCorr   .            C - +6 ring of intelligence
SInv    .            (no ring)
Will    .....        (no ring)
Stlth   ++           (no ring)
HPRegen 0.30/turn    (no ring)
MPRegen 0.52/turn    (no ring)
                     (no ring)

%: no passive effects
@: beast-form, very slow
A: beast (slay +4), almost no armour, amphibious, 8 rings, camouflage 1,
gelatinous body 1, (nimble swimmer 1), tentacles
a: Begin Untransformation, Renounce Religion


You were in a bailey.
You worshipped Cheibriados.
Cheibriados was noncommittal.
You were a hulking beast.
You visited 2 branches of the dungeon, and saw 8 of its levels.
You also visited: Bailey.

You collected 215 gold pieces.
You spent 58 gold pieces at shops.

Inventory:

Hand Weapons
 a - a +0 sling of flaming (weapon)
 b - a +1 dire flail of protection
 u - a +0 shortbow
Missiles
 w - a throwing net
Armour
 o - a +0 kite shield
Jewellery
 j - a ring of positive energy (left tentacle)
 n - an amulet of magic regeneration (around mantle)
 C - a +6 ring of intelligence (right tentacle)
Talismans
 v - a beast talisman
Wands
 q - a wand of paralysis (18)
 z - a wand of digging (9)
Scrolls
 d - a scroll of vulnerability {unknown}
 f - 4 scrolls of identify
 g - 2 scrolls of butterflies {unknown}
 h - a scroll of amnesia {unknown}
 i - 4 scrolls of teleportation {unknown}
 k - a scroll of revelation {unknown}
 r - 2 scrolls of poison {unknown}
 x - a scroll of noise {unknown}
 y - 2 scrolls of blinking {unknown}
 D - 3 scrolls of silence {unknown}
 E - a scroll of fog {unknown}
 F - a scroll of fear {unknown}
Potions
 c - a potion of might {unknown}
 e - 2 potions of heal wounds
 l - a potion of magic {unknown}
 m - a potion of lignification
 p - 3 potions of mutation
 s - 3 potions of curing
 t - 2 potions of brilliance {unknown}
 A - 7 potions of degeneration
 B - a potion of berserk rage {unknown}
 G - a potion of attraction {unknown}


   Skills:
 + Level 5.4 Fighting
 - Level 3.0 Maces & Flails
 + Level 4.4 Ranged Weapons
 - Level 4.0 Dodging
 + Level 6.0 Unarmed Combat
 + Level 1.5 Invocations
 * Level 6.8 Shapeshifting


You had 8 spell levels left.
You didn't know any spells.
Your spell library contained the following spells:

 Spells                   Type           Power      Damage    Failure   Level
 Blink                    Tloc           0%         N/A       34%         2
 Ensorcelled Hibernation  Hex/Ice        0%         N/A       34%         2
 Lesser Beckoning         Tloc           0%         N/A       34%         2
 Momentum Strike          Conj/Tloc      0%         3d8       34%         2
 Passwall                 Tmut/Erth      0%         N/A       34%         2
 Swiftness                Air            0%         N/A       56%         3
 Vhi's Electric Charge    Tloc/Air       0%         N/A       56%         3
 Arcjolt                  Conj/Air       0%         1d10      100%        5
 Plasma Beam              Fire/Air       0%         2x1d10    100%        6


Dungeon Overview and Level Annotations

Branches:
Dungeon (7/15)             Temple (1/1) D:6          Bailey (1/1)

Altars:
Ashenzari
Cheibriados
Dithmenos
Elyvilon
Fedhas
Gozag
Hepliaklqana
Kikubaaqudgha
Okawaru
Qazlal
Ru
Sif Muna
Trog
Uskayaw
Wu Jian
Xom
Yredelemnul
Zin
The Shining One

Shops:
D:2 ?   D:5 =   D:6 !


Innate Abilities, Weirdness & Mutations

You are a hulking beast.
Your limbs bulge with bestial killing power. (Slay +4)
You cannot wear most types of armour.
You are amphibious.
You can wear up to eight rings at the same time.
Your skin changes colour to match your surroundings (Stealth+).
Your rubbery body absorbs attacks. (AC +1, EV +1)
((You are camouflaged when in or above water. (Stealth+)))
You have tentacles for arms and can constrict up to eight enemies at once.


Message History

You barely miss the goblin. You grab the goblin. You constrict the goblin.
The goblin closely misses you.
You sock the goblin!
You kill the goblin!
Cheibriados appreciates the change of pace.
Things that are here:
a +0 hand axe; a gnoll corpse
A - 7 potions of degeneration (gained 2)
There is a flagged portal here.
The world spins around you as you enter the gateway.
You enter a bailey!
Found a gate leading back out of this place.
There is an empty arch of ancient stone here.
Your +1 dire flail of protection goes still.
Your +0 sling of flaming bursts into flame!
a - a +0 sling of flaming (weapon)
You enter the deep water. 2 electric eels come into view.
The electric eel shoots out a bolt of lightning at you!
The bolt of electricity hits you!
The electric eel shoots out a bolt of lightning at you!
The bolt of electricity misses you.
The electric eel shoots out a bolt of lightning at you!
The bolt of electricity hits you!
The electric eel shoots out a bolt of lightning at you!
The bolt of electricity hits you!
The electric eel shoots out a bolt of lightning at you!
The bolt of electricity misses you.
The electric eel shoots out a bolt of lightning at you!
The bolt of electricity hits you!
The electric eel shoots out a bolt of lightning at you!
The bolt of electricity hits you!
* * * LOW HITPOINT WARNING * * *
You open the door.
A goblin comes into view. It is wielding a +0 hand axe.
The electric eel shoots out a bolt of lightning at you!
The bolt of electricity misses you.
The electric eel shoots out a bolt of lightning at you!
The bolt of electricity hits you!
You die...

#≈≈≈≈≈≈≈≈≈≈≈≈≈≈≈≈≈≈...≈≈≈≈
#≈≈≈≈≈≈≈≈≈≈≈≈≈≈≈≈≈≈...≈≈≈
#≈≈≈≈≈≈≈≈######~~~~...~~~
#≈≈≈≈≈≈≈≈# g.#..........
#≈≈≈≈≈≈≈≈###..#####+++##
#≈≈≈≈≈≈≈≈#... #≈≈≈≈≈≈≈≈#..
#≈≈≈≈≈≈≈≈#'# #≈≈≈≈≈≈≈≈~h#
#≈≈≈≈≈≈≈≈~.# #≈≈≈≈≈≈≈≈~.#
#≈≈≈≈≈≈≈≈~.# #≈≈≈≈≈≈≈≈~.#
#≈≈≈≈≈≈≈≈~.# #≈≈≈S≈≈≈≈~.#
#≈≈≈S≈≈≈≈~.# #≈≈≈≈≈≈≈≈~.#


You could see 2 electric eels and a goblin (asleep).

Vanquished Creatures
  Grinder (D:4)
  Menkaure (D:7)
  Edmund (D:4)
  A water moccasin (D:6)
  3 sky beasts
  An ogre (D:5)
  2 centaurs (D:6)
  A phantom (D:7)
  3 bullfrogs
  4 scorpions
  A wight (D:6)
  Dowan (D:7)
  A killer bee (D:6)
  4 hounds
  2 jellies (D:6)
  2 orc priests
  A gnoll bouda (D:4)
  5 sleepcaps
  4 orc wizards
  3 iguanas
  10 gnolls
  5 adders
  4 ufetubi
  5 worms
  2 dart slugs
  24 orcs
  4 bats
  3 endoplasms
  2 giant cockroaches (D:3)
  6 hobgoblins
  A quokka (D:5)
  7 ball pythons
  3 frilled lizards (D:3)
  11 goblins
  8 kobolds
  3 rats
140 creatures vanquished.

Notes
Turn   | Place    | Note
-------+----------+-------------------------------------------
     0 | D:1      | LeprechaunX the Octopode Shapeshifter began the quest for
                  | the Orb.
     0 | D:1      | Reached XP level 1. HP: 14/14 MP: 1/1
   454 | D:1      | Found a faded altar of an unknown god.
   459 | D:1      | Reached XP level 2. HP: 14/19 MP: 2/2
   729 | D:2      | Reached XP level 3. HP: 12/24 MP: 3/3
  1280 | D:2      | Found Ojirghin's Magic Scroll Shop.
  1283 | D:2      | Bought a scroll of identify for 28 gold pieces
  1578 | D:2      | Reached XP level 4. HP: 23/30 MP: 4/4
  1926 | D:3      | Found a broken altar of Ashenzari.
  1931 | D:3      | Found a glowing silver altar of Zin.
  1936 | D:3      | Found a shimmering blue altar of Sif Muna.
  1968 | D:3      | Reached XP level 5. HP: 5/35 MP: 5/5
  2488 | D:3      | Reached skill level 1 in Ranged Weapons
  2851 | D:4      | Reached XP level 6. HP: 33/41 MP: 6/6
  3110 | D:4      | Noticed Edmund
  3121 | D:4      | Killed Edmund
  3313 | D:4      | Noticed Grinder
  3320 | D:4      | Killed Grinder
  3321 | D:4      | Reached skill level 1 in Maces & Flails
  3321 | D:4      | Reached XP level 7. HP: 34/46 MP: 7/7
  3749 | D:5      | Entered Level 5 of the Dungeon
  3991 | D:5      | Found Aceas's Jewellery Shop.
  4100 | D:5      | Reached skill level 5 in Shapeshifting
  4100 | D:5      | Reached XP level 8. HP: 54/54 MP: 8/8
  5055 | D:6      | Reached skill level 5 in Unarmed Combat
  5289 | D:6      | Reached XP level 9. HP: 50/59 MP: 9/9
  5436 | D:6      | Reached skill level 5 in Fighting
  5438 | D:6      | Found a staircase to the Ecumenical Temple.
  5563 | D:6      | Found Onevvy's Distillery.
  5568 | D:6      | Bought a potion of curing for 30 gold pieces
  5965 | Temple   | Entered the Ecumenical Temple
  5972 | Temple   | Became a worshipper of Cheibriados the Contemplative
  6090 | D:7      | Found a basalt altar of Yredelemnul.
  6104 | D:7      | Noticed Menkaure
  6110 | D:7      | Killed Menkaure
  6216 | D:7      | Noticed Dowan
  6226 | D:7      | Reached skill level 1 in Invocations
  6227 | D:7      | Killed Dowan
  6367 | D:7      | Found a flagged portal.
  6387 | Bailey   | Entered a bailey
  6419 | Bailey   | Killed from afar by an electric eel

Illustrated notes

Levels and vault maps discovered:
D:1:      moated_graveyard_arrival, layout_loops_ring,
          chequers_ecumenical_altar_simple, item_on_display_a
D:2:      cheibrodos_old_hovel, layout_loops_ring, serial_shops,
          nicolae_shop_behind_doors
D:3:      layout_loops_ring, grunt_temple_overflow_open
D:4:      layout_cave_pools, uniq_edmund, uniq_grinder
D:5:      layout_loops_corners, serial_shops, shop_statue
D:6:      layout_loops_cross, minmay_temple_entry_glass, serial_shops, shop,
          minmay_fractal_squares_5
D:7:      layout_basic, yredelemnul_altar_generic, enter_bailey_7, uniq_duvessa,
          uniq_menkaure
Temple:   regret_index_temple_waves
Bailey:   bailey_axe_of_yendor_kennysheep, bailey

Skill      XL: |  1  2  3  4  5  6  7  8  9 |
---------------+----------------------------+-----
Unarmed Combat | 3 4 5 6 |  6.0
Ranged Weapons | 1 2 3 4 |  4.4
Shapeshifting  | 4 5 6 |  6.8
Fighting       | 3 4 5 |  5.4
Dodging        | 3 4 |  4.0
Maces & Flails | 1 3 |  3.0
Invocations    | 1 |  1.5

Action                     |  1- 3 |  4- 6 |  7- 9 || total
---------------------------+-------+-------+-------++-------
  Melee: Unarmed           |    61 |    57 |       ||   118
         Constrict         |    17 |    13 |    29 ||    59
         Tentacles         |    13 |     8 |    25 ||    46
         Punch             |     2 |     3 |     9 ||    14
         Dire flail        |       |     3 |   103 ||   106
   Fire: Shortbow          |       |    23 |       ||    23
         Sling             |       |    59 |    88 ||   147
    Use: Scroll            |       |       |     2 ||     2
         Potion            |       |       |     1 ||     1
   Stab: Sleeping          |     7 |       |       ||     7
         Distracted        |     1 |       |       ||     1
 Armour: Skin              |     2 |     2 |    20 ||    24
  Dodge: Dodged            |    21 |    52 |    74 ||   147

Table legend: (Time is in decaauts)
 A = Elapsed time spent in this place.
 B = Non-inter-level travel time spent in this place.
 C = Inter-level travel time spent in this place.
 D = Time resting spent in this place.
 E = Time spent auto-exploring this place.
 F = Levels seen in this place.
 G = Mean time per level.
                   A        B        C        D        E       F      G
               +--------+--------+--------+--------+--------+-----+--------+
         Total |   6538 |   6313 |    225 |   1260 |   3928 |   9 |  726.4 |
       Dungeon |   6480 |   6261 |    219 |   1260 |   3928 |   7 |  925.7 |
        Temple |     17 |     11 |      6 |      0 |      0 |   1 |   17.0 |
        Bailey |     40 |     40 |      0 |      0 |      0 |   1 |   40.0 |
               +--------+--------+--------+--------+--------+-----+--------+

Top non-repeatable levels by time:
     D:5: 1362 daAuts
     D:2: 1201 daAuts
     D:4: 1118 daAuts
     D:6: 873 daAuts
     D:3: 802 daAuts
     D:1: 643 daAuts
     D:7: 479 daAuts
  Bailey: 40 daAuts
  Temple: 17 daAuts
